 Dungeon Crawl Stone Soup version 0.20.0-15-g7f486f2 (webtiles) character file.

272 NoAnimeNoLife the Cudgeler (level 6, -1/44 HPs)
             Began as a Demonspawn Gladiator on June 13, 2017.
             Succumbed to an orc's poison
             ... on level 3 of the Dungeon.
             The game lasted 00:04:07 (2022 turns).

NoAnimeNoLife the Cudgeler (Demonspawn Gladiator)   Turns: 2022, Time: 00:04:08

Health: -1/44      AC:  8    Str: 16    XL:     6   Next: 2%
Magic:  6/6        EV:  7    Int:  9    God:
Gold:   39         SH:  0    Dex: 15    Spells: 5/5 levels left

rFire    . . .     SeeInvis .   a - +0 flail
rCold    . . .     Gourm    .   (no shield)
rNeg     . . .     Faith    .   k - +0 chain mail
rPois    .         Spirit   +   (helmet restricted)
rElec    .         Reflect  .   (no cloak)
rCorr    .         Harm     .   (no gloves)
MR       .....                  (no boots)
Stlth    ..........             (no amulet)
Regen    0.2/turn               (no ring)
MPRegen  0.1/turn               (no ring)

@: lethally poisoned (-1 -> -13)
A: horns 2, talons 1, nightstalker 2, magic shield
a: no special abilities


You were on level 3 of the Dungeon.
You were hungry.

You visited 1 branch of the dungeon, and saw 3 of its levels.

You collected 39 gold pieces.

Inventory:

Hand Weapons
 a - a +0 flail (weapon)
Missiles
 d - 3 throwing nets (quivered)
 q - 71 stones
Armour
 b - a +0 leather armour
 c - a +0 helmet
 k - a +0 chain mail (worn)
Jewellery
 h - an uncursed ring of protection from cold {unknown}
Scrolls
 e - a scroll of blinking {unknown}
 g - 2 scrolls of identify {unknown}
 i - a scroll of recharging {unknown}
 o - a scroll of fear {unknown}
 p - a scroll of remove curse {unknown}
Comestibles
 f - 4 bread rations
 j - 2 meat rations
 n - 4 fruits


   Skills:
 - Level 2.0 Fighting
 + Level 6.2 Maces & Flails
 - Level 1.7 Throwing
 - Level 2.6 Dodging


You had 5 spell levels left.
You didn't know any spells.

Dungeon Overview and Level Annotations

Branches:
Dungeon (3/15)

Altars:
Ashenzari
Cheibriados
Kikubaaqudgha
Makhleb
Nemelex Xobeh
Okawaru
Sif Muna
Uskayaw
Vehumet


Innate Abilities, Weirdness & Mutations

You have sharp toenails.
You are significantly more attuned to the shadows.
When hurt, damage is shared between your health and your magic reserves.
You have a pair of horns on your head.


Message History

You sock the orc!
You kill the orc!
* * * LOW HITPOINT WARNING * * *
You feel sick.
* * * LOW HITPOINT WARNING * * *
You feel sick.
Items here: ))) [ † a dagger; a club; a short sword of venom; a ring mail; an orc corpse
* * * LOW HITPOINT WARNING * * *
You feel sick.
There is a lethal amount of poison in your body!
It was a potion of mutation.
You feel extremely strange. A pair of horns grows on your head!
Your +0 helmet falls away!
The horns on your head grow some more.
* * * LOW HITPOINT WARNING * * *
You feel sick.
There is a lethal amount of poison in your body!
Unknown command.
You die...

#.###### †.#....#
..#.##.# ....##.#
....##.#
#..###.###########
#..# #...........#
#..# ###########.#
.... ####@# #..).#
#.#### .. #


There were no monsters in sight!

Vanquished Creatures
  Sigmund (D:3)
  Jessica (D:2)
  3 adders
  An ooze (D:2)
  A worm (D:2)
  A dart slug (D:2)
  6 orcs
  3 giant cockroaches
  4 goblins
  4 hobgoblins
  5 jackals (D:2)
  A quokka (D:2)
  A ball python (D:2)
  3 bats (D:2)
  2 frilled lizards
  2 kobolds (D:2)
  4 rats
43 creatures vanquished.

Notes
Turn   | Place    | Note
-------+----------+-------------------------------------------
     0 | D:1      | NoAnimeNoLife the Demonspawn Gladiator began the quest for the Orb.
     0 | D:1      | Reached XP level 1. HP: 16/16 MP: 1/1
   176 | D:1      | Reached skill level 3 in Maces & Flails
   620 | D:2      | Gained mutation: You are slightly more attuned to the shadows. [demonic ancestry]
   620 | D:2      | Reached XP level 2. HP: 19/22 MP: 2/2
   624 | D:2      | Found a shattered altar of Ashenzari.
   742 | D:2      | Noticed Jessica
   765 | D:2      | Gained mutation: You have sharp toenails. [demonic ancestry]
   765 | D:2      | Reached XP level 3. HP: 11/27 MP: 3/3
   767 | D:2      | Reached skill level 4 in Maces & Flails
   781 | D:2      | HP: 1/27 [Jessica/dagger (1)]
   782 | D:2      | Killed Jessica
  1093 | D:2      | Found a burning altar of Makhleb.
  1094 | D:2      | Found an iron altar of Okawaru.
  1095 | D:2      | Found a sparkling altar of Nemelex Xobeh.
  1096 | D:2      | Found an ancient bone altar of Kikubaaqudgha.
  1096 | D:2      | Found a snail-covered altar of Cheibriados.
  1105 | D:2      | Gained mutation: When hurt, damage is shared between your health and your magic reserves. [demonic ancestry]
  1105 | D:2      | Reached XP level 4. HP: 30/33 MP: 4/4
  1116 | D:2      | Found a hide-covered altar of Uskayaw.
  1116 | D:2      | Found a radiant altar of Vehumet.
  1117 | D:2      | Found a deep blue altar of Sif Muna.
  1622 | D:3      | Noticed Sigmund
  1690 | D:3      | Killed Sigmund
  1690 | D:3      | Reached skill level 6 in Maces & Flails
  1690 | D:3      | Gained mutation: You are significantly more attuned to the shadows. [demonic ancestry]
  1690 | D:3      | Reached XP level 5. HP: 10/38 MP: 2/5
  2006 | D:3      | Reached XP level 6. HP: 31/44 MP: 6/6
  2020 | D:3      | HP: 2/44 [poisoned by an orc]
  2021 | D:3      | Gained mutation: You have a pair of small horns on your head. [potion of mutation]
  2021 | D:3      | Gained mutation: You have a pair of horns on your head. [potion of mutation]
  2022 | D:3      | Succumbed to an orc's poison

Skill      XL: |  1  2  3  4 |
---------------+-------------+-----
Maces & Flails | 3 4 6 |  6.2
Fighting       | |  2.0
Throwing       | |  1.7
Dodging        | |  2.6

Action                   |  1- 3 |  4- 6 || total
-------------------------+-------+-------++-------
Melee: Flail             |    84 |   106 ||   190
       Kick              |     6 |    28 ||    34
  Use: Potion            |     1 |     4 ||     5
  Eat: Chunk             |       |     3 ||     3
Armor: Chain mail        |    95 |    51 ||   146
       Leather armour    |     3 |       ||     3
Dodge: Dodged            |    60 |    38 ||    98
